 Dungeon Crawl Stone Soup version 0.28.0-53-g5a82cb258f (webtiles) character file.

Game seed: 4721775567447635034

33 JooJoo the Caller (level 3, -1/19 HPs)
             Began as a Deep Elf Summoner on July 26, 2022.
             Slain by an adder (2 damage)
             ... on level 2 of the Dungeon.
             The game lasted 00:17:44 (1611 turns).

JooJoo the Caller (Deep Elf Summoner)               Turns: 1611, Time: 00:17:44

Health: -1/19      AC:  2    Str:  5    XL:     3   Next: 12%
Magic:  7/10       EV: 12    Int: 21    God:
Gold:   32         SH:  0    Dex: 15    Spells: 4/10 levels left

rFire   . . .      SeeInvis .   d - +0 spear
rCold   . . .      Faith    .   (no shield)
rNeg    . . .      Spirit   .   a - +0 robe
rPois   .          Reflect  .   (no helmet)
rElec   .          Harm     .   (no cloak)
rCorr   .          Rampage  .   (no gloves)
Will    .....                   (no boots)
Stlth   ++........              (no amulet)
HPRegen 0.06/turn               (no ring)
MPRegen 0.12/turn               (no ring)

@: no status effects
A: no striking features
a: no special abilities


You were on level 2 of the Dungeon.
You visited 1 branch of the dungeon, and saw 2 of its levels.

You collected 32 gold pieces.

Inventory:

Hand Weapons
 d - a +0 spear (weapon)
Missiles
 b - 34 stones
Armour
 a - a +0 robe (worn)
 c - a +0 chain mail
Scrolls
 e - a scroll of teleportation {unknown}


   Skills:
 + Level 0.2 Throwing
 + Level 2.4 Dodging
 + Level 2.7 Stealth
 + Level 4.0 Spellcasting
 + Level 4.8 Summonings


You had 4 spell levels left.
You knew the following spells:

 Your Spells              Type           Power      Damage    Failure   Level
a - Summon Small Mammal   Summ           96%        N/A       1%          1
b - Call Imp              Summ           24%        N/A       2%          2
c - Summon Guardian Gole  Hex/Summ       14%        N/A       13%         3

Your spell library contained the following spells:

 Spells                   Type           Power      Damage    Failure   Level
 Call Canine Familiar     Summ           24%        N/A       4%          3
 Summon Lightning Spire   Summ/Air       14%        N/A       41%         4


Dungeon Overview and Level Annotations

Branches:
Dungeon (2/15)

Altars:


Message History

You miscast Summon Guardian Golem.
You are very lightly contaminated with residual magic.
Nothing appears to happen.
Casting: Summon Guardian Golem (extremely dangerous; 13% risk of failure)
Confirm with . or Enter, or press ? or * to list all spells.
You closely miss the rat. The rat bites you.
You closely miss the rat.
Your quokka bites the rat.
The rat dies!
You see here a rat corpse.
Your magical contamination has completely faded away.
e - a scroll labelled XYSHRA HOTTY Your quokka disappears in a puff of smoke!
You see here 17 arrows.
An adder comes into view.
The adder hisses angrily.
The adder bites you.
You are poisoned.
The adder poisons you!
You feel sick. The adder bites you but does no damage.
You feel sick. The adder bites you.
You see here 18 gold pieces.
You feel sick.
You feel sick.
You are no longer poisoned.
The adder closely misses you.
An adder is nearby!
The adder bites you.
* * * LOW HITPOINT WARNING * * *
An adder is nearby!
The adder bites you.
* * * LOW HITPOINT WARNING * * *
You aren't carrying any potions.
Casting: Summon Small Mammal (safe; 1% risk of failure)
Confirm with . or Enter, or press ? or * to list all spells.
The spell is extremely dangerous to miscast (13% risk of failure)!
Continue anyway?
A guardian golem appears, shielding your allies.
The adder bites you.
* * * LOW HITPOINT WARNING * * *
The adder bites you.
You die...

...# #.# ...#
#.# ..<# #.#
######.#
.......#
########
##### #...#
#.#.#####
####
#.#.S@9.#
...#
#.#####.#
##.# ######$#
#.# #.#
#......#
#.###
#.#########.#
#.†.# #.....#
#.# ###.#
#.###.#####.#
#.# #.#
#.#...(.# #.#
#.# #.#.###.#
#.#


You could see an adder (ally target) and a friendly guardian golem (summoned).

Vanquished Creatures
  2 bats (D:1)
  A quokka (D:1)
  A frilled lizard (D:1)
4 creatures vanquished.

Vanquished Creatures (collateral kills)
  An adder (D:2)
  A dart slug (D:1)
  2 ball pythons (D:1)
  3 endoplasms (D:1)
  2 giant cockroaches (D:1)
  2 goblins
  2 hobgoblins (D:1)
  A frilled lizard (D:1)
  A kobold (D:1)
  3 rats
18 creatures vanquished.

Grand Total: 22 creatures vanquished

Notes
Turn   | Place    | Note
-------+----------+-------------------------------------------
     0 | D:1      | JooJoo the Deep Elf Summoner began the quest for the Orb.
     0 | D:1      | Reached XP level 1. HP: 10/10 MP: 6/6
   203 | D:1      | Reached XP level 2. HP: 15/15 MP: 5/8
  1192 | D:2      | Learned a level 2 spell: Call Imp
  1419 | D:2      | Reached XP level 3. HP: 16/19 MP: 4/10
  1423 | D:2      | Learned a level 3 spell: Summon Guardian Golem
  1611 | D:2      | Slain by an adder

Illustrated notes

Levels and vault maps discovered:
D:1:      dpeg_arrival_stone_temple_mockup, layout_basic
D:2:      layout_basic, dilly_ecumenical_altar_fadedgnrine, uniq_natasha

Skill      XL: |  1  2 |
---------------+-------+-----
Spellcasting   | 4 |  4.0
Throwing       | |  0.2
Dodging        | |  2.4
Stealth        | |  2.7
Summonings     | |  4.8

Action                   || total
-------------------------++-------
Melee: Spear             ||    21
Throw: Stone             ||     4
 Cast: Summon Small Mamm ||    34
       Call Imp          ||     4
       Summon Guardian G ||     2
  Use: Scroll            ||     1
 Stab: Sleeping          ||     1
Armor: Robe              ||     9
Dodge: Dodged            ||    27
